Map: Ley Lines

Players

KimChiLoVer - Winner!

  • Race: Terran Terran
  • Spawn Location: 7:00

A.I. 1 (Elite)

  • Race: Terran Terran
  • Spawn Location: 1:00

VOD

Have the link to the VOD?

Description

Time

  • Played on: Aug. 7, 2025, 8:47 p.m.
  • Length: 12:10
Show
View Real Time Build Order
Export as new Build Order

KimChiLoVer Terran - Winner!

Build Orders: Reaper Expand 

Get SALT Encoding   

  12  0:00  SCV  
  13  0:12  SCV  
  14  0:17  Supply Depot  
  14  0:25  SCV  
  15  0:38  SCV  
  15  0:40  Barracks  
  16  0:43  Refinery  
  16  0:50  SCV  
  17  1:02  SCV  
  18  1:15  SCV  
  19  1:27  Orbital Command  
  19  1:28  Reaper  
  20  1:39  Command Center  
  20  1:49  Supply Depot  
  20  1:52  SCV  
  21  2:03  Marine, Factory  
  22  2:11  Refinery, SCV  
  23  2:23  SCV  
  23  2:29  Barracks Reactor  
  24  2:35  SCV  
  25  2:37  Barracks  
  25  2:43  Barracks  
  25  2:47  SCV  
  26  2:52  Factory Tech Lab  
  26  3:09  Command Center  
  26  3:11  SCV  
  27  3:18  Orbital Command  
  27  3:23  Marine x2  
  29  3:29  SCV  
  30  3:35  Stimpack  
  30  3:41  Starport  
  30  3:42  Factory Reactor  
  30  3:44  Marine  
  31  3:50  Marine  
  31  3:52  Marine  
  31  3:53  Marine  
  34  4:02  Supply Depot  
  34  4:04  SCV x2  
  34  4:07  Marine  
  34  4:08  Marine  
  38  4:15  Marine  
  38  4:16  Marine, SCV x2  
  42  4:24  Orbital Command  
  42  4:29  Medivac  
  44  4:33  Medivac  
  44  4:34  SCV  
  44  4:37  SCV  
  48  4:42  Marine x3  
  51  4:46  SCV  
  51  4:49  SCV  
  53  4:53  Marine  
  53  4:58  SCV  
  53  4:59  Marine  
  55  5:00  Marine, Engineering Bay  
  55  5:02  SCV  
  55  5:06  Marine  
  59  5:10  Engineering Bay  
  59  5:11  Marine  
  59  5:14  Supply Depot  
  60  5:15  SCV x2  
  62  5:24  Marine x2  
  62  5:25  Barracks  
  62  5:27  SCV  
  65  5:36  Combat Shield, Barracks  
  65  5:38  Medivac  
  65  5:39  Medivac  
  65  5:40  Marine x2  
  71  5:44  Terran Infantry Weapons Level 1  
  71  5:46  Terran Infantry Armor Level 1  
  71  5:48  SCV  
  71  5:49  SCV  
  73  5:50  Orbital Command  
  73  6:07  SCV  
  74  6:12  Barracks  
  74  6:13  Refinery, Barracks x2  
  74  6:14  Marine x2, Refinery  
  74  6:15  Marine x2  
  75  6:20  SCV  
  76  6:29  Factory Tech Lab  
  76  6:32  Marine x4  
  80  6:41  SCV  
  80  6:44  Barracks Tech Lab x2  
  81  6:50  Marine x4  
  85  6:57  Supply Depot  
  85  6:59  Supply Depot, Siege Tank, SCV, Medivac  
  85  7:01  Supply Depot  
  91  7:03  Supply Depot, Barracks Tech Lab  
  91  7:04  Armory  
  91  7:08  Marine x4, Barracks Reactor, Barracks Tech Lab  
  91  7:11  SCV, Concussive Shells  
  91  7:12  Marine x2  
  89  7:23  SCV  
  89  7:25  SCV x2  
  89  7:26  Marine x5  
  89  7:27  Marine  
  98  7:31  Siege Tank  
  98  7:33  Marine x2  
  98  7:35  SCV  
  104  7:37  SCV x2  
  104  7:43  Supply Depot  
  106  7:44  Marauder  
  106  7:46  Supply Depot, Marauder  
  106  7:47  SCV  
  106  7:49  Marine x2  
  113  7:54  Terran Infantry Weapons Level 2  
  113  7:57  Terran Infantry Armor Level 2  
  113  7:59  SCV  
  113  8:00  SCV x2  
  116  8:11  SCV  
  113  8:20  Marine x4  
  113  8:22  Barracks Reactor  
  113  8:24  SCV  
  115  8:28  Marine x3, Marauder x2  
  115  8:30  SCV  
  122  8:34  Liberator x2  
  122  8:38  Marine x3  
  131  8:43  Refinery  
  131  8:44  Refinery  
  131  8:46  Command Center, SCV x3  
  134  8:56  Command Center  
  134  8:58  SCV x3  
  137  9:04  Supply Depot  
  137  9:05  Supply Depot  
  137  9:06  Supply Depot  
  137  9:07  Supply Depot  
  137  9:10  SCV x2  
  137  9:12  Marine x4, Marauder x2  
  146  9:17  Medivac  
  146  9:18  Medivac  
  134  9:24  Supply Depot  
  134  9:27  Supply Depot  
  129  9:40  Command Center  
  129  9:43  Marine x2, Marauder  
  129  9:44  Marine x2, Marauder  
  129  9:45  Marine x2, Marauder x2  
  143  9:49  Medivac x2  
  147  9:55  Starport  
  147  10:08  Command Center  
  147  10:09  Orbital Command  
  147  10:21  SCV x3  
  154  10:28  Marine x2, Marauder x2  
  154  10:29  Marine x2, Siege Tank  
  154  10:31  Viking  
  154  10:32  Starport Reactor  
  163  10:50  Marine x4, Marauder x2  
  159  11:17  Marine x9, Marauder x2  
  171  11:34  Marine  
  171  11:35  Marine x8, Medivac x2  
  171  11:37  Marine  
  171  11:38  Marine  
  171  11:39  Orbital Command  
Show
View Real Time Build Order
Export as new Build Order

A.I. 1 (Elite) Terran 

Build Orders:  

Get SALT Encoding   

  12  0:00  SCV  
  13  0:13  SCV  
  14  0:18  Supply Depot  
  14  0:25  SCV  
  15  0:40  SCV  
  16  0:43  Barracks  
  16  0:52  SCV  
  17  1:04  SCV  
  18  1:16  SCV  
  18  1:18  Command Center  
  19  1:32  Marine, Orbital Command  
  20  1:45  Supply Depot  
  20  1:49  Marine  
  20  1:51  Refinery  
  21  1:57  SCV  
  22  2:07  Marine  
  23  2:10  SCV  
  23  2:11  Barracks  
  23  2:15  Refinery  
  24  2:22  SCV  
  24  2:25  Marine  
  25  2:32  Supply Depot  
  25  2:34  SCV x2  
  27  2:47  Orbital Command  
  27  2:48  Marine  
  28  2:53  SCV  
  29  3:04  Factory  
  29  3:05  SCV  
  30  3:07  Marine  
  30  3:10  Marine  
  32  3:15  SCV  
  32  3:17  SCV  
  34  3:24  Marine  
  35  3:27  SCV  
  35  3:28  Marine  
  35  3:29  SCV  
  35  3:34  Barracks  
  38  3:39  SCV  
  39  3:41  SCV  
  39  3:43  Barracks Tech Lab  
  39  3:46  Barracks Tech Lab  
  40  3:51  Starport, SCV, Factory Tech Lab  
  40  3:53  SCV  
  42  4:01  Marine, Stimpack  
  43  4:03  SCV  
  43  4:04  Marine  
  43  4:05  Combat Shield, SCV  
  46  4:10  Supply Depot  
  46  4:16  SCV  
  47  4:18  SCV  
  47  4:19  Marine  
  47  4:22  Marine x2  
  51  4:28  SCV  
  51  4:30  SCV  
  53  4:31  Supply Depot  
  53  4:33  Medivac  
  55  4:40  SCV  
  55  4:41  Siege Tank  
  55  4:42  SCV  
  55  4:45  Marine, Supply Depot  
  61  4:46  Marine  
  62  4:53  Marine, SCV  
  62  4:54  SCV  
  62  4:55  Supply Depot  
  65  5:01  Engineering Bay  
  65  5:03  Medivac  
  65  5:05  Marauder  
  69  5:09  Marauder, SCV  
  69  5:10  Refinery  
  72  5:16  Refinery, SCV  
  73  5:21  SCV  
  73  5:26  Marauder  
  76  5:28  SCV  
  76  5:31  Marauder  
  76  5:32  Supply Depot  
  76  5:33  SCV  
  80  5:40  SCV  
  80  5:41  Terran Infantry Weapons Level 1  
  80  5:42  Engineering Bay  
  81  5:46  SCV  
  81  5:48  Marauder  
  81  5:49  Command Center  
  84  5:52  Marauder  
  84  5:53  SCV  
  87  5:58  Supply Depot  
  87  6:02  Barracks Reactor  
  87  6:07  Terran Infantry Armor Level 1  
  87  6:09  Marauder, Missile Turret  
  89  6:13  Concussive Shells  
  89  6:14  Marauder  
  89  6:16  SCV  
  89  6:18  SCV  
  65  6:28  SCV  
  65  6:30  SCV  
  65  6:31  Marauder  
  68  6:35  Marauder, Siege Tank  
  73  6:40  SCV  
  73  6:42  SCV  
  75  6:52  Marauder, SCV  
  78  6:54  SCV  
  79  7:04  SCV x2  
  79  7:06  SCV  
  79  7:08  Siege Tank  
  83  7:15  Marine  
  75  7:16  SCV  
  75  7:18  SCV  
  75  7:19  SCV  
  78  7:24  Marine  
  78  7:28  SCV  
  80  7:31  SCV  
  80  7:32  SCV  
  82  7:40  Siege Tank, SCV  
  82  7:43  SCV  
  87  7:44  SCV  
  88  7:52  SCV, Missile Turret  
  88  7:56  SCV x2  
  91  8:04  SCV  
  92  8:06  Armory  
  90  8:16  SCV  
  90  8:18  SCV  
  89  8:22  SCV  
  88  8:31  SCV x2  
  90  8:34  SCV  
  91  8:43  SCV  
  91  8:44  SCV  
  91  8:46  SCV  
  94  8:54  Terran Infantry Weapons Level 2  
  94  8:55  SCV  
  95  8:56  SCV  
  95  8:58  SCV  
  95  8:59  Missile Turret  
  97  9:04  Missile Turret  
  97  9:07  SCV  
  97  9:08  SCV  
  99  9:10  SCV  
  99  9:16  Starport Reactor, Barracks  
  100  9:17  Marine  
  100  9:19  Marine, SCV  
  100  9:21  SCV  
  100  9:23  SCV  
  85  9:24  Marine  
  85  9:26  Marine  
  69  9:32  SCV  
  69  9:34  SCV  
  69  9:35  Marine, SCV  
  69  9:37  Marauder  
  67  9:42  Marine  
  67  9:44  Marine, SCV  
  70  9:46  SCV  
  70  9:47  SCV  
  72  9:53  Marine, Siege Tank  
  72  9:56  SCV  
  72  9:58  Marauder, SCV  
  72  9:59  SCV  
  81  10:00  Marine  
  81  10:01  Marine  
  81  10:02  Marine  
  84  10:08  SCV  
  84  10:10  SCV  
  84  10:11  Marine, SCV  
  88  10:17  Liberator, Marine  
  88  10:19  Marine x2  
  88  10:20  Marine, SCV  
  96  10:23  Supply Depot  
  96  10:24  Orbital Command  
  96  10:25  Siege Tank  
  99  10:29  Liberator, Marauder  
  104  10:35  Marine  
  104  10:37  Marine  
  104  10:38  Marine, Marauder  
  109  10:48  Supply Depot  
  109  10:51  Marauder  
  109  10:55  Marine  
  112  10:57  Siege Tank, Missile Turret  
  112  10:59  Marauder  
  112  11:00  Liberator  
  112  11:03  Refinery  
  119  11:06  Marine x2, Refinery  
  95  11:12  Liberator, Marauder  
  95  11:13  Marine, SCV  
  95  11:14  SCV  
  89  11:20  Marine  
  89  11:24  Marine x2  
  75  11:25  SCV  
  75  11:29  Siege Tank  
  75  11:30  Marine  
  62  11:33  Marauder  
  62  11:38  Marauder  
  52  11:46  SCV  
  32  11:59  Command Center  
Tags
 
Matchup
TvT
Race
Terran
Spawn Locations
Cross Positions
Add a new tag
Caveats
  • Supply blocks, unpowered buildings, or Contaminate may cause inaccurate times.
  • Supply counts are checked every 10 seconds.